 Dungeon Crawl Stone Soup version 0.28-a0-503-g83f2989fac (webtiles) character file.

Game seed: 15768996714565959129

214 Tocho the Conjurer (level 5, -6/28 HPs)
             Began as a Deep Elf Conjurer on Sept 20, 2021.
             Mangled by a steam dragon (8 damage)
             ... on level 4 of the Dungeon.
             The game lasted 00:05:39 (4267 turns).

Tocho the Conjurer (Deep Elf Conjurer)              Turns: 4267, Time: 00:05:40

Health: -6/28      AC:  2    Str:  4    XL:     5   Next: 59%
Magic:  11/13      EV: 13    Int: 24    God:
Gold:   184        SH:  0    Dex: 13    Spells: 9/12 levels left

rFire   . . .      SeeInvis +   j - +1 dagger (venom)
rCold   . . .      Faith    .   (no shield)
rNeg    . . .      Spirit   .   f - +0 robe
rPois   .          Reflect  .   (no helmet)
rElec   .          Harm     .   (no cloak)
rCorr   .          Rampage  .   (no gloves)
Will    .....                   (no boots)
Stlth   ++........              a - amulet of magic regeneration
HPRegen 0.09/turn               i - ring of see invisible
MPRegen 0.38/turn               (no ring)

@: no status effects
A: no striking features
a: no special abilities


You were on level 4 of the Dungeon.
You visited 1 branch of the dungeon, and saw 4 of its levels.

You collected 184 gold pieces.

Inventory:

Hand Weapons
 j - a +1 dagger of venom (weapon)
Missiles
 e - 7 javelins
Armour
 f - a +0 robe (worn)
Jewellery
 a - an amulet of magic regeneration (around neck)
 i - a ring of see invisible (left hand)
 o - a ring of magical power
Scrolls
 c - a scroll of fear {unknown}
 h - 3 scrolls of identify {unknown}
 k - a scroll of immolation {unknown}
 l - a scroll of enchant weapon {unknown}
 m - 2 scrolls of blinking {unknown}
 p - 2 scrolls of noise {unknown}
Potions
 b - a potion of might {unknown}
 d - 3 potions of curing {unknown}
 g - 3 potions of flight {unknown}
 n - a potion of cancellation {unknown}


   Skills:
 + Level 0.4 Fighting
 + Level 0.3 Short Blades
 + Level 0.1 Maces & Flails
 + Level 3.2 Dodging
 + Level 3.2 Stealth
 * Level 4.4 Spellcasting
 * Level 6.3 Conjurations


You had 9 spell levels left.
You knew the following spells:

 Your Spells              Type           Power      Damage    Failure   Level
a - Magic Dart            Conj           100%       1d8       1%          1
b - Searing Ray           Conj           70%        2d7       1%          2

Your spell library contained the following spells:

 Spells                   Type           Power      Damage    Failure   Level
 Dazzling Flash           Conj/Hex       40%        N/A       8%          3
 Animate Skeleton         Necr           10%        N/A       10%         1
 Apportation              Tloc           10%        N/A       10%         1
 Freeze                   Ice            20%        1d4       10%         1
 Summon Small Mammal      Summ           20%        N/A       10%         1
 Fulminant Prism          Conj/Hex       10%        3d9       26%         4
 Hailstorm                Conj/Ice       20%        3d6       26%         4
 Iskenderun's Mystic Bla  Conj/Tloc      20%        2d6       26%         4
 Frozen Ramparts          Ice            10%        1d3       28%         3


Dungeon Overview and Level Annotations

Branches:
Dungeon (4/15)
 Temple: D:4-7

Altars:
Lugonu

Portals:
Abyss: D:4

Annotations:
D:4 2 runed translucent doors


Message History

The orc misses you.
You hit the orc but do no damage.
The orc is poisoned.
The orc hits you with a +0 war axe!
You hit the orc but do no damage.
The orc looks as sick as possible!
The orc hits you with a +0 war axe.
You closely miss the orc.
The orc is lightly wounded.
The orc misses you.
You hit the orc but do no damage.
The orc looks as sick as possible!
The orc is heavily wounded.
The orc misses you.
You hit the orc but do no damage.
The orc looks as sick as possible!
The orc is heavily wounded.
The orc closely misses you.
An orc is nearby!
You kill the orc!
Found 2 scrolls labelled ZODEUTHR LAWI.
Things that are here:
a +0 war axe; a +0 chain mail; an orc corpse You now have 184 gold pieces (gained 11).
p - 2 scrolls labelled ZODEUTHR LAWI You see here a +0 leather armour.
A steam dragon comes into view.
Found 19 stones.
The helpless steam dragon fails to defend itself.
You puncture the steam dragon!
The steam dragon is poisoned.
The steam dragon is moderately wounded.
The steam dragon breathes steam at you. The ball of steam hits you!
Ouch! That really hurt!
Aiming: Searing Ray (safe; 1% risk of failure)
Press: ? - help, Q - select action, (/) - cycle Shift-Dir - straight line, f - steam dragon
Aim: a steam dragon (moderately wounded, very poisoned, catching its breath, 81% to hit)
The searing ray hits the steam dragon!
The steam dragon is severely wounded. (Press . to maintain the ray.)
You are engulfed in a cloud of scalding steam.
* * * LOW HITPOINT WARNING * * *
The steam dragon bites you!
You die...

... #....###.####.. ..
#....###.##.##. .
+............+.
..#............#
..########'###+#.
######...............
#....+...............
#...D#...............
#..§@#......)........
#..§§#...............
#+##§.[..............
#....######.....#####.
#.... #.....# #...(
#.....# #.... #.....#
#.... #.....# #####
#######


You could see a steam dragon (very poisoned, catching breath).

Vanquished Creatures
  An ogre (D:4)
  A howler monkey (D:4)
  A hound skeleton (D:4)
  3 adders (D:2)
  2 worms (D:2)
  2 orcs
  9 ball pythons
  3 endoplasms
  4 giant cockroaches
  3 goblins
  2 hobgoblins
  6 jackals
  2 kobolds
  A quokka (D:1)
  7 bats
  A quokka skeleton (D:4)
  A rat (D:1)
49 creatures vanquished.

Notes
Turn   | Place    | Note
-------+----------+-------------------------------------------
     0 | D:1      | Tocho the Deep Elf Conjurer began the quest for the Orb.
     0 | D:1      | Reached XP level 1. HP: 10/10 MP: 6/6
   304 | D:1      | Reached XP level 2. HP: 15/15 MP: 0/8
   908 | D:1      | Found a faded altar of an unknown god.
   971 | D:1      | Reached skill level 5 in Conjurations
  1398 | D:1      | Learned a level 2 spell: Searing Ray
  1853 | D:2      | Reached XP level 3. HP: 19/19 MP: 6/9
  2705 | D:2      | Reached skill level 6 in Conjurations
  2707 | D:2      | Reached XP level 4. HP: 24/24 MP: 5/10
  3701 | D:4      | Noticed an ogre
  3706 | D:4      | Killed an ogre
  3707 | D:4      | Reached XP level 5. HP: 28/28 MP: 5/13
  3763 | D:4      | Found a one-way gate to the infinite horrors of the Abyss.
  3798 | D:4      | Found a large runed translucent door.
  3798 | D:4      | Found a large runed translucent door.
  3798 | D:4      | Found a corrupted altar of Lugonu.
  4263 | D:4      | Noticed a steam dragon
  4267 | D:4      | Mangled by a steam dragon

Illustrated notes

Levels and vault maps discovered:
D:1:      psy_arrival_terrarium, layout_basic, ebering_ecumenical_altar_box,
          patterned_corridor
D:2:      layout_basic
D:3:      layout_basic, amcnicky_mini_pool_small
D:4:      due_chaos_kobolds, layout_gridville, mainiacjoe_overflow_brackets

Skill      XL: |  1  2  3  4 |
---------------+-------------+-----
Conjurations   | 5 6 |  6.3
Dodging        | 3 |  3.2
Stealth        | 3 |  3.2
Spellcasting   | 4 |  4.4
Fighting       | |  0.4
Short Blades   | |  0.3
Maces & Flails | |  0.1

Action                   |  1- 3 |  4- 6 || total
-------------------------+-------+-------++-------
Melee: Club              |    24 |       ||    24
       Dagger            |    22 |    42 ||    64
 Cast: Magic Dart        |    24 |       ||    24
       Searing Ray       |    13 |     7 ||    20
 Stab: Sleeping          |     1 |     3 ||     4
       Distracted        |       |     1 ||     1
Armor: Robe              |    12 |     7 ||    19
Dodge: Dodged            |    43 |    22 ||    65

Table legend: (Time is in decaauts)
 A = Elapsed time spent in this place.
 B = Non-inter-level travel time spent in this place.
 C = Inter-level travel time spent in this place.
 D = Time resting spent in this place.
 E = Time spent auto-exploring this place.
 F = Levels seen in this place.
 G = Mean time per level.
                   A        B        C        D        E       F      G
               +--------+--------+--------+--------+--------+-----+--------+
         Total |   4271 |   4209 |     62 |   1000 |   2770 |   4 | 1067.8 |
       Dungeon |   4271 |   4209 |     62 |   1000 |   2770 |   4 | 1067.8 |
               +--------+--------+--------+--------+--------+-----+--------+

Top non-repeatable levels by time:
     D:1: 1761 daAuts
     D:2: 1105 daAuts
     D:3: 717 daAuts
     D:4: 686 daAuts
